[Event "Titled Tuesday Blitz December 27 Early 2022"]
[White "Gatterer, Florian"]
[Black "Graham, Nathaniel"]
[WhiteFideId "811688"]
[BlackFideId "2007983"]
[WhiteElo "2170"]
[BlackElo "2262"]
[Result "1-0"]
[Round "04"]
[TimeControl "180+2"]
[Date "2022.12.27"]
[WhiteClock "0:00:26"]
[BlackClock "0:00:08"]

1. d4 d5 2. Nf3 Nf6 3. g3 c6 4. c4 Bf5 5. Nc3 e6 6. Qb3 Qb6 7. c5 Qc7 8. Bf4 Qc8 9. h3 h6 10. g4 Bh7 11. Qd1 Nbd7 12. Bg2 Be7 13. O-O O-O 14. b4 Ne4 15. Nxe4 Bxe4 16. Ne5 Bxg2 17. Kxg2 Nxe5 18. Bxe5 Bd8 19. Bg3 Bc7 20. f4 f6 21. Qd3 a6 22. a4 Qe8 23. b5 cxb5 24. axb5 Qxb5 25. Qxb5 axb5 26. Rab1 Ra5 27. Be1 Ra2 28. Kf3 e5 29. Rxb5 e4+ 30. Ke3 g5 31. fxg5 fxg5 32. Rxf8+ Kxf8 33. Rxb7 Bf4+ 34. Kf2 Ra3 35. Kg2 Re3 36. Rb2 Rc3 37. Bxc3 1-0


[Site "https://www.chess.com"]

[Event "Titled Tuesday Blitz December 27 Early 2022"]
[White "Gerbelli Neto, Eduardo"]
[Black "Sargsyan, Anna M."]
[WhiteFideId "2103281"]
[BlackFideId "13308130"]
[WhiteElo "2114"]
[BlackElo "2375"]
[Result "1-0"]
[Round "04"]
[TimeControl "180+2"]
[Date "2022.12.27"]
[WhiteClock "0:00:26"]
[BlackClock "0:00:49"]

1. e4 c6 2. d4 d5 3. exd5 cxd5 4. c4 Nf6 5. Nc3 Nc6 6. Nf3 Bg4 7. cxd5 Nxd5 8. Qb3 Bxf3 9. gxf3 Nb6 10. d5 Nd4 11. Bb5+ Nd7 12. Qa4 Nxb5 13. Qxb5 g6 14. O-O Bg7 15. Qxb7 O-O 16. Re1 Re8 17. Bf4 Nc5 18. Qb5 Rc8 19. Rad1 a6 20. Qe2 Qb6 21. Rd2 Qb4 22. Be5 Bh6 23. Rd4 Qb6 24. Rh4 g5 25. Rg4 Qg6 26. Rd1 Bf8 27. h4 h6 28. hxg5 hxg5 29. f4 f6 30. Bd4 e5 31. fxe5 fxe5 32. Bxc5 Bxc5 33. Ne4 Be7 34. d6 1-0


[Site "https://www.chess.com"]

[Event "Titled Tuesday Blitz December 27 Early 2022"]
[White "Goncalves, Davi Sulzbacher"]
[Black "Hartikainen, Jarmo"]
[WhiteFideId "2154510"]
[BlackFideId "503134"]
[WhiteElo "2282"]
[BlackElo "2108"]
[Result "1-0"]
[Round "04"]
[TimeControl "180+2"]
[Date "2022.12.27"]
[WhiteClock "0:00:15"]
[BlackClock "0:00:16"]

1. Nf3 Nf6 2. g3 g6 3. Bg2 Bg7 4. O-O O-O 5. d4 d5 6. c4 c6 7. cxd5 cxd5 8. Nc3 Nc6 9. Bf4 Nh5 10. Bg5 h6 11. Be3 Be6 12. Qd2 Kh7 13. Rac1 Rc8 14. Na4 b6 15. Nc3 Na5 16. b3 Qd7 17. Ne5 Qd8 18. Nb5 a6 19. Na7 Rc7 20. Nac6 Nxc6 21. Nxc6 Qc8 22. Nxe7 Qd7 23. Rxc7 Qxc7 24. Nxd5 Bxd5 25. Bxd5 Qd6 26. Bf3 Rd8 27. Rc1 Nf6 28. Rc6 Qd7 29. Rxb6 Nd5 30. Rxa6 Nxe3 31. fxe3 h5 32. Qd3 Bh6 33. Bxh5 Re8 34. Bxg6+ Kg7 35. Be4 Qe7 36. Rxh6 Qxe4 37. Qxe4 Rxe4 38. Rb6 Rxe3 39. Kf2 Rc3 40. a4 Kf8 41. a5 Ke7 42. a6 Kd7 43. a7 Rc8 44. Rb8 Rc7 45. a8=Q f6 46. Rd8+ Ke6 47. Qd5+ Ke7 48. Qd6+ Kf7 49. Qxc7+ Kg6 50. Qe7 Kf5 51. Rd6 Kg4 52. Rxf6 Kh3 53. Qh7+ Kg4 54. Qg7+ Kh3 55. Rh6# 1-0


[Site "https://www.chess.com"]

[Event "Titled Tuesday Blitz December 27 Early 2022"]
[White "Gorodetzky, David"]
[Black "Jobava, Baadur"]
[WhiteFideId "2813416"]
[BlackFideId "13601520"]
[WhiteElo "2485"]
[BlackElo "2578"]
[Result "0-1"]
[Round "04"]
[TimeControl "180+2"]
[Date "2022.12.27"]
[WhiteClock "0:00:01"]
[BlackClock "0:00:09"]

1. c4 g6 2. d4 Bg7 3. Nc3 c5 4. d5 d6 5. e4 Bxc3+ 6. bxc3 e5 7. h4 Nd7 8. h5 Qf6 9. Nf3 Qg7 10. Be2 Kd8 11. a4 a5 12. Rb1 Kc7 13. Be3 Ngf6 14. h6 Qf8 15. Nd2 Ng8 16. g4 f6 17. Nf1 g5 18. Ng3 Nxh6 19. Kd2 Nb6 20. Rb5 Bd7 21. f3 Bxb5 22. cxb5 Ng8 23. Rh5 Ne7 24. c4 Ng6 25. Kc3 Nf4 26. Bxf4 exf4 27. Nf5 Qe8 28. Kb3 Qe5 29. Qc1 Rae8 30. Bd3 h6 31. Rh1 Rh7 32. Rh5 Reh8 33. Qe1 Ra8 34. Nxh6 Qd4 35. Qe2 Nxa4 36. Qc2 Qa1 37. Qb1 Qxb1+ 38. Bxb1 Nb6 39. Nf5 a4+ 40. Kc3 Rah8 41. e5 dxe5 42. Ng7 Rxh5 43. gxh5 Nd7 44. Bg6 Nf8 45. Ne8+ Kd8 46. Nxf6 Ke7 47. Ne4 Nxg6 48. hxg6 Rg8 49. Nxc5 b6 50. Nxa4 Rxg6 51. c5 bxc5 52. Nxc5 g4 53. fxg4 f3 54. Nd3 e4 55. Nf4 Rxg4 56. Nh3 e3 57. b6 e2 58. d6+ Kxd6 0-1


[Site "https://www.chess.com"]

[Event "Titled Tuesday Blitz December 27 Early 2022"]
[White "Guha, Eshan"]
[Black "Mortazavi, Ali"]
[WhiteFideId "30958628"]
[BlackFideId "401323"]
[WhiteElo "2071"]
[BlackElo "2333"]
[Result "0-1"]
[Round "04"]
[TimeControl "180+2"]
[Date "2022.12.27"]
[WhiteClock "0:00:05"]
[BlackClock "0:00:19"]

1. d4 Nf6 2. c4 g6 3. g3 Bg7 4. Bg2 O-O 5. Nc3 d6 6. Nf3 Nbd7 7. O-O e5 8. e4 c6 9. h3 Qa5 10. Be3 Nb6 11. Qd3 exd4 12. Nxd4 Nfd7 13. b3 Qh5 14. Qd1 Qa5 15. Qd2 Ne5 16. Rac1 c5 17. Ndb5 Bxh3 18. Qxd6 Bxg2 19. Kxg2 Rad8 20. Qe7 a6 21. Nd6 Nc6 22. Nxb7 Qxc3 23. Qxf8+ Rxf8 24. Rxc3 Bxc3 25. Nxc5 a5 26. Nd3 Bd4 27. Bxd4 Nxd4 28. Rd1 Rc8 29. Ne5 Ne6 30. Ng4 Kg7 31. Ne3 a4 32. Nd5 Nd7 33. Rc1 axb3 34. axb3 Ndc5 35. b4 Nxe4 36. c5 h5 37. c6 Nd6 38. Ne7 Rc7 39. Nd5 Ra7 40. Nc3 Nd4 41. b5 N4xb5 42. Nxb5 Nxb5 43. Rb1 Nc7 44. Rb7 Rxb7 45. cxb7 Na6 46. Kf3 Kf6 47. g4 h4 48. Kg2 g5 49. Kh3 Ke6 50. f4 f6 51. fxg5 fxg5 0-1


[Site "https://www.chess.com"]

[Event "Titled Tuesday Blitz December 27 Early 2022"]
[White "Guliev, Logman"]
[Black "Khoroshev, Nikita"]
[WhiteFideId "13400061"]
[BlackFideId "14200287"]
[WhiteElo "2250"]
[BlackElo "2336"]
[Result "1-0"]
[Round "04"]
[TimeControl "180+2"]
[Date "2022.12.27"]
[WhiteClock "0:02:10"]
[BlackClock "0:02:19"]

1. e4 c5 2. Nf3 e6 3. d4 cxd4 4. Nxd4 Nf6 5. Bd3 Nc6 6. Nxc6 dxc6 7. O-O e5 8. Nd2 Bc5 9. Nc4 Qe7 10. Be3 O-O 11. h3 Re8 12. Qf3 b5 13. Na5 Bb7 14. Bxc5 1-0


[Site "https://www.chess.com"]

[Event "Titled Tuesday Blitz December 27 Early 2022"]
[White "Hardaway, Brewington"]
[Black "Kamsky, Gata"]
[WhiteFideId "30941849"]
[BlackFideId "2000024"]
[WhiteElo "2363"]
[BlackElo "2665"]
[Result "0-1"]
[Round "04"]
[TimeControl "180+2"]
[Date "2022.12.27"]
[WhiteClock "0:00:03"]
[BlackClock "0:00:15"]

1. Nf3 Nf6 2. e3 d5 3. c4 c6 4. d4 g6 5. Nc3 Bg7 6. cxd5 cxd5 7. Bd3 O-O 8. O-O Nc6 9. h3 e6 10. b3 Bd7 11. Ba3 Re8 12. Nb5 Bf8 13. Nd6 Bxd6 14. Bxd6 Qa5 15. Ne5 Rec8 16. Qf3 Qd8 17. Qf4 Be8 18. Nxc6 Rxc6 19. Bb4 a6 20. g4 Rac8 21. Kg2 a5 22. Bd2 Ne4 23. Bxe4 dxe4 24. Rac1 f6 25. Rxc6 Bxc6 26. Rc1 e5 27. Qh6 exd4 28. Rc4 dxe3 29. Bxe3 Qe7 30. Rc5 Ra8 31. a4 Qe6 32. Rc3 Rd8 33. Qf4 g5 34. Qc7 Ra8 35. Qb6 h5 36. gxh5 Kg7 37. Rc5 Kh6 38. h4 Qg4+ 39. Kf1 Qxh4 40. Rxa5 Qh1+ 41. Ke2 Qxh5+ 42. Kd2 Rxa5 43. Qxa5 Qf7 44. Qb4 Qd5+ 45. Bd4 Kg6 46. Kc3 Qf5 47. Qf8 Qe6 48. b4 Bxa4 49. Bc5 Bb5 50. Qb8 Qc4+ 51. Kd2 Qd3+ 52. Kc1 Qc3+ 53. Kd1 Ba4+ 54. Ke2 Qd3+ 55. Ke1 Qd1# 0-1


[Site "https://www.chess.com"]

[Event "Titled Tuesday Blitz December 27 Early 2022"]
[White "Hirneise, Jens"]
[Black "Zaichenko, Daria"]
[WhiteFideId "24614734"]
[BlackFideId "4197453"]
[WhiteElo "2277"]
[BlackElo "2104"]
[Result "1/2-1/2"]
[Round "04"]
[TimeControl "180+2"]
[Date "2022.12.27"]
[WhiteClock "0:00:57"]
[BlackClock "0:00:14"]

1. Nf3 Nf6 2. g3 d5 3. c4 e6 4. Bg2 Be7 5. O-O O-O 6. d4 dxc4 7. Qc2 a6 8. a4 Nbd7 9. Qxc4 b5 10. Qc2 Bb7 11. Nbd2 Nb6 12. a5 Nbd5 13. Nb3 Nb4 14. Qd1 Rc8 15. Bg5 Ne4 16. Bxe7 Qxe7 17. Rc1 Bd5 18. e3 Bc4 19. Ne5 Bxf1 20. Qxf1 Nd6 21. Nc5 f6 22. Nc6 Nxc6 23. Bxc6 Nc4 24. Bb7 Rb8 25. b4 e5 26. Bd5+ Kh8 27. Nxa6 Rbd8 28. Bxc4 bxc4 29. Qxc4 exd4 30. exd4 Qe4 31. Rd1 Rfe8 32. Nxc7 Qf3 33. Rf1 Re4 34. Ne6 Re8 35. Nc7 Rd8 36. Ne6 Re8 37. Nc7 Rd8 1/2-1/2


[Site "https://www.chess.com"]

[Event "Titled Tuesday Blitz December 27 Early 2022"]
[White "Hnydiuk, Aleksander"]
[Black "Korchmar, Vasiliy"]
[WhiteFideId "1109057"]
[BlackFideId "24131750"]
[WhiteElo "2363"]
[BlackElo "2438"]
[Result "1-0"]
[Round "04"]
[TimeControl "180+2"]
[Date "2022.12.27"]
[WhiteClock "0:00:10"]
[BlackClock "0:00:01"]

1. e4 c5 2. Nf3 d6 3. d4 cxd4 4. Nxd4 Nf6 5. Nc3 Nc6 6. Bg5 Bd7 7. Qd2 a6 8. O-O-O e6 9. f3 Be7 10. Be3 Nxd4 11. Bxd4 b5 12. g4 b4 13. Ne2 e5 14. Be3 Be6 15. Kb1 O-O 16. g5 Nd7 17. f4 Qa5 18. Nc1 exf4 19. Bxf4 Ne5 20. Nb3 Qc7 21. Nd4 a5 22. h4 a4 23. Nxe6 fxe6 24. Bh3 a3 25. Bxe6+ Kh8 26. h5 axb2 27. h6 g6 28. Rhf1 Rxf4 29. Qxf4 Qc3 30. Qd2 Qxd2 31. Rxd2 Bxg5 32. Rxd6 Bxh6 33. Rb6 Bc1 34. Rxb4 Kg7 35. a4 h5 36. Bd5 Re8 37. a5 Nd7 38. a6 1-0


[Site "https://www.chess.com"]

[Event "Titled Tuesday Blitz December 27 Early 2022"]
[White "Hoffmann, Asa"]
[Black "Rosh Jain"]
[WhiteFideId "2001470"]
[BlackFideId "25789465"]
[WhiteElo "2185"]
[BlackElo "2248"]
[Result "0-1"]
[Round "04"]
[TimeControl "180+2"]
[Date "2022.12.27"]
[WhiteClock "0:00:20"]
[BlackClock "0:00:14"]

1. d4 Nf6 2. Bg5 Ne4 3. Bf4 d5 4. f3 Nf6 5. e4 dxe4 6. Nc3 e6 7. fxe4 Bb4 8. e5 Ne4 9. Qf3 Qxd4 10. Ne2 Qd5 11. Rd1 Qc6 12. Rd4 Nxc3 13. bxc3 Qxf3 14. gxf3 Bc5 15. Rc4 b6 16. Nd4 Bb7 17. Be2 Nc6 18. Nb5 O-O-O 19. Bd3 Kb8 20. Ke2 Na5 21. Rxc5 bxc5 22. Na3 f6 23. Rb1 Ka8 24. Rb5 Nc6 25. Rxc5 fxe5 26. Bxe5 Nxe5 27. Rxe5 Rhf8 28. Re3 Rf7 29. Nc4 Rdf8 30. Ne5 Re7 31. c4 g6 32. h4 c5 33. Be4 Bxe4 34. fxe4 Rf4 35. h5 gxh5 36. Nd3 Rf6 37. Nxc5 Rc7 38. e5 Rg6 39. Nd3 Rxc4 40. Kd2 Rg2+ 41. Kc1 Rcxc2+ 42. Kb1 Rxa2 43. Rh3 Rae2 44. Nc1 Re1 45. Rc3 Rgg1 46. Kb2 Rxc1 47. Rxc1 Rxc1 48. Kxc1 h4 49. Kd2 h3 50. Ke3 h2 0-1


[Site "https://www.chess.com"]

[Event "Titled Tuesday Blitz December 27 Early 2022"]
[White "Hon, Eric"]
[Black "McBryde, Lamel"]
[WhiteFideId "2097117"]
[BlackFideId "2058596"]
[WhiteElo "1897"]
[BlackElo "1861"]
[Result "0-1"]
[Round "04"]
[TimeControl "180+2"]
[Date "2022.12.27"]
[WhiteClock "0:01:26"]
[BlackClock "0:00:12"]

1. e4 Nf6 2. e5 Nd5 3. d4 Nb6 4. c4 d6 5. exd6 cxd6 6. Nc3 g6 7. Nf3 Bg7 8. Be3 O-O 9. Be2 Bg4 10. b3 Nc6 11. O-O d5 12. c5 Nd7 13. h3 Bxf3 14. Bxf3 e6 15. Rc1 Nxc5 16. dxc5 d4 17. Bxc6 bxc6 18. Qf3 dxe3 19. fxe3 Qa5 20. Ne4 Qxa2 21. Rb1 Rad8 22. Nd6 Rb8 23. b4 Qd5 24. Qxd5 exd5 25. Rb3 a5 26. Rfb1 axb4 27. Rxb4 Rxb4 28. Rxb4 Be5 29. Rb6 Bxd6 30. cxd6 Rc8 31. Rb7 Kg7 32. Rc7 Rd8 33. Rxc6 Kf6 34. Kf2 Ke5 35. Rc7 f5 36. Rxh7 Rxd6 37. Kf3 d4 38. Re7+ Kf6 39. Re8 d3 0-1


[Site "https://www.chess.com"]

[Event "Titled Tuesday Blitz December 27 Early 2022"]
[White "Hsu, Li Yang"]
[Black "Zierk, Steven"]
[WhiteFideId "5800080"]
[BlackFideId "2034255"]
[WhiteElo "2427"]
[BlackElo "2488"]
[Result "0-1"]
[Round "04"]
[TimeControl "180+2"]
[Date "2022.12.27"]
[WhiteClock "0:00:06"]
[BlackClock "0:00:12"]

1. Nf3 d5 2. g3 Nf6 3. Bg2 Bg4 4. O-O c6 5. d4 e6 6. Nbd2 Nbd7 7. Re1 Be7 8. e4 dxe4 9. Nxe4 Nxe4 10. Rxe4 Nf6 11. Re1 O-O 12. c3 c5 13. Qb3 Bxf3 14. Bxf3 cxd4 15. cxd4 Rb8 16. Bf4 Bd6 17. Be5 Qe7 18. Rac1 Rfd8 19. Rc2 h6 20. Kg2 Nd7 21. a3 Nxe5 22. dxe5 Bc5 23. Ree2 b6 24. Qb5 a5 25. Re4 Rd5 26. Qe2 Rbd8 27. Rec4 Rd4 28. Rxd4 Rxd4 29. Be4 Qd8 30. f4 Rd1 31. Bf3 Rd4 32. Kh3 g6 33. Be4 Kg7 34. Bf3 h5 35. Kg2 h4 36. a4 Rxa4 37. Rd2 Rd4 38. Rxd4 Qxd4 39. Kh3 hxg3 40. hxg3 a4 41. Qc2 Qe3 42. Qe4 Qf2 43. Qc6 Bb4 44. Qxa4 Be1 0-1


[Site "https://www.chess.com"]

[Event "Titled Tuesday Blitz December 27 Early 2022"]
[White "Iljin, Timofey"]
[Black "Vasques, Antonio Pedro Freixial"]
[WhiteFideId "14110180"]
[BlackFideId "1908332"]
[WhiteElo "2329"]
[BlackElo "2214"]
[Result "1-0"]
[Round "04"]
[TimeControl "180+2"]
[Date "2022.12.27"]
[WhiteClock "0:01:49"]
[BlackClock "0:00:34"]

1. e4 c5 2. c3 Nf6 3. e5 Nd5 4. d4 cxd4 5. cxd4 d6 6. Nf3 e6 7. Bc4 Nc6 8. O-O Be7 9. exd6 Qxd6 10. Nc3 Nxc3 11. bxc3 O-O 12. Bd3 h6 13. Bc2 Bd7 14. Qd3 f5 15. Re1 Bf6 16. a4 Qc7 17. Bb3 Rfe8 18. Qxf5 Na5 19. Bxe6+ Bxe6 20. Rxe6 Qxc3 21. Rb1 Bxd4 22. Bd2 Qc4 23. Rxe8+ Rxe8 24. Qxa5 Re2 25. Qd8+ Kh7 26. Qxd4 Qxd4 27. Nxd4 Rxd2 28. Nf3 Ra2 29. h4 1-0


[Site "https://www.chess.com"]

[Event "Titled Tuesday Blitz December 27 Early 2022"]
[White "Injac, Teodora"]
[Black "Gurevich, Dmitry"]
[WhiteFideId "932400"]
[BlackFideId "2000407"]
[WhiteElo "2391"]
[BlackElo "2393"]
[Result "1/2-1/2"]
[Round "04"]
[TimeControl "180+2"]
[Date "2022.12.27"]
[WhiteClock "0:00:07"]
[BlackClock "0:00:08"]

1. Nf3 Nf6 2. c4 c5 3. Nc3 b6 4. e3 Bb7 5. d4 cxd4 6. exd4 e6 7. a3 d5 8. cxd5 Nxd5 9. Bb5+ Bc6 10. Bd3 Nd7 11. O-O Be7 12. Qe2 Nxc3 13. bxc3 O-O 14. Bf4 Nf6 15. Ne5 Bb7 16. a4 Qd5 17. Nf3 Qh5 18. a5 Bxf3 19. Qxf3 Qxf3 20. gxf3 Rac8 21. axb6 axb6 22. c4 Rfd8 23. Be3 Ne8 24. Ra6 Nd6 25. Rc1 Rb8 26. d5 exd5 27. cxd5 b5 28. Rcc6 Nc4 29. Bxc4 bxc4 30. d6 Bf8 31. Bf4 Rbc8 32. Rxc8 Rxc8 33. Ra7 Rd8 34. d7 f6 35. Be3 c3 36. Rc7 c2 37. Rxc2 Rxd7 38. Rd2 Rxd2 39. Bxd2 Kf7 40. Be3 Ke6 41. Kg2 Kf5 42. Kg3 Bd6+ 43. Kg2 Bf4 44. Bd4 g5 45. Be3 h5 46. Bd4 Be5 47. Be3 Bd6 48. Bd4 Bf4 49. Be3 Bxe3 50. fxe3 Ke5 51. h4 g4 52. fxg4 hxg4 53. Kg3 f5 54. h5 Kf6 55. e4 fxe4 56. Kxg4 Kg7 57. Kf4 Kh6 58. Kxe4 Kxh5 1/2-1/2


[Site "https://www.chess.com"]

[Event "Titled Tuesday Blitz December 27 Early 2022"]
[White "Iskusnyh, Sergei"]
[Black "Sanchez, Robert"]
[WhiteFideId "4120027"]
[BlackFideId "2034360"]
[WhiteElo "2440"]
[BlackElo "1966"]
[Result "1-0"]
[Round "04"]
[TimeControl "180+2"]
[Date "2022.12.27"]
[WhiteClock "0:01:10"]
[BlackClock "0:00:19"]

1. d4 Nf6 2. c4 e6 3. g3 Bb4+ 4. Bd2 Be7 5. Bg2 O-O 6. e4 d6 7. Ne2 e5 8. Nbc3 Nc6 9. d5 Nb8 10. O-O c6 11. h3 cxd5 12. cxd5 Bd7 13. Be3 Na6 14. a3 b6 15. b4 Nc7 16. Rc1 Rc8 17. Qd3 Nh5 18. g4 Nf6 19. f4 exf4 20. Bxf4 a6 21. Nd4 Qe8 22. Nf5 Bxf5 23. exf5 Qd7 24. Ne2 Qa4 25. Rc6 Nb5 26. Rxb6 Rfe8 27. Rc6 Rcd8 28. Ra1 Nd7 29. Qc2 Qxc2 30. Rxc2 Bf6 31. Raa2 Re4 32. Bxe4 1-0


[Site "https://www.chess.com"]

[Event "Titled Tuesday Blitz December 27 Early 2022"]
[White "Itgelt, Khuyagtsogt"]
[Black "Sanal, Vahap"]
[WhiteFideId "4902912"]
[BlackFideId "6300545"]
[WhiteElo "2261"]
[BlackElo "2600"]
[Result "0-1"]
[Round "04"]
[TimeControl "180+2"]
[Date "2022.12.27"]
[WhiteClock "0:00:04"]
[BlackClock "0:01:11"]

1. Nf3 d6 2. e4 Nf6 3. Nc3 e5 4. d4 Nbd7 5. Bc4 Be7 6. O-O O-O 7. Re1 c6 8. a4 h6 9. h3 Re8 10. Qe2 exd4 11. Nxd4 d5 12. Ba2 Bc5 13. Be3 Nxe4 14. Nxe4 Rxe4 15. c3 Bxd4 16. cxd4 Nf6 17. Qf3 Re8 18. Bb1 Ne4 19. Bd3 Bd7 20. a5 a6 21. Bf4 Qf6 22. Bxe4 dxe4 23. Rxe4 Rxe4 24. Qxe4 Re8 25. Be5 Qe6 26. Qf3 f6 27. Bf4 Qf7 28. Qg3 Kh7 29. Qd3+ Kh8 30. Qd2 Be6 31. Re1 Bd5 32. Rxe8+ Qxe8 33. Kh2 Qe4 34. f3 Qb1 35. Bg3 Qf5 36. h4 Kh7 37. Kg1 Qg6 38. Kh2 Qb1 39. Bf2 Kg6 40. Bg3 Qf5 41. Bf2 h5 42. Bg3 Kf7 43. Qf4 Qc2 44. Qc7+ Kg6 45. Kg1 Qxb2 46. Qb6 Qc1+ 47. Kh2 Qc2 48. Qc5 Qd2 49. Kg1 Qd1+ 50. Kh2 Qe2 51. Kh3 Kh7 52. Qb6 Qf1 53. Kh2 Qe2 54. Kh3 Qe7 55. Kh2 Kg6 56. Qc5 Qe2 57. Kh3 Qb2 58. Qb6 Qxb6 59. axb6 a5 60. Bd6 a4 61. Kg3 Kf5 62. Kf2 Ke6 63. Bf8 g5 64. hxg5 fxg5 65. g3 Kf5 66. g4+ hxg4 67. fxg4+ Kxg4 68. Ke3 Kh3 69. Kf2 g4 70. Kg1 g3 71. Bd6 g2 72. Bc5 Kg4 73. Bd6 Kf5 74. Bc5 Kf4 75. Kf2 Bf3 76. Kg1 Ke4 77. Kf2 Kd5 78. Kg1 Be4 79. Kf2 Kc4 80. Kg1 Bd5 81. Kf2 Kb3 0-1


[Site "https://www.chess.com"]

[Event "Titled Tuesday Blitz December 27 Early 2022"]
[White "Jenkins, Drake"]
[Black "Sovetov, Oleksandr"]
[WhiteFideId "2022397"]
[BlackFideId "34105786"]
[WhiteElo "2130"]
[BlackElo "1976"]
[Result "1/2-1/2"]
[Round "04"]
[TimeControl "180+2"]
[Date "2022.12.27"]
[WhiteClock "0:00:12"]
[BlackClock "0:00:22"]

1. Nf3 d5 2. c4 d4 3. b4 a5 4. b5 c5 5. bxc6 Nxc6 6. g3 e5 7. d3 Bc5 8. Bg2 h6 9. O-O Nf6 10. Na3 O-O 11. Nb5 Qe7 12. a4 Rd8 13. Nd2 Bf5 14. Ba3 Nb4 15. Nb3 e4 16. Nxc5 Qxc5 17. Rb1 Rd7 18. Qb3 exd3 19. exd3 Ng4 20. Bxb4 axb4 21. Qxb4 Qxb4 22. Rxb4 Bxd3 23. Rd1 Ne5 24. f4 Bc2 25. Rxd4 Rxa4 26. Rxa4 Bxa4 27. fxe5 Bxb5 28. Rxd7 Bxd7 29. Bxb7 Kf8 30. c5 Be6 31. Kf2 Ke7 32. Ke3 Kd8 33. Kd4 f6 34. Bd5 Bg4 35. exf6 gxf6 36. Ke3 Kc7 37. Kf4 Bc8 38. h4 Bd7 39. g4 Bc8 40. Be4 Bd7 41. Bf5 Ba4 42. Bg6 Bd7 43. Be4 Bc8 44. Bd5 Bd7 45. g5 fxg5+ 46. hxg5 hxg5+ 47. Kxg5 Bc6 48. Bxc6 Kxc6 49. Kg6 Kxc5 1/2-1/2


[Site "https://www.chess.com"]

[Event "Titled Tuesday Blitz December 27 Early 2022"]
[White "Jimenez Almeida, Luis David"]
[Black "Ardila, Oscar Humberto"]
[WhiteFideId "22242244"]
[BlackFideId "4404742"]
[WhiteElo "2242"]
[BlackElo "1982"]
[Result "1-0"]
[Round "04"]
[TimeControl "180+2"]
[Date "2022.12.27"]
[WhiteClock "0:00:34"]
[BlackClock "0:01:07"]

1. e4 e5 2. Nf3 Nc6 3. Bb5 a6 4. Ba4 Nf6 5. O-O b5 6. Bb3 Be7 7. Re1 O-O 8. c3 d6 9. d3 Bg4 10. h3 Bh5 11. Nbd2 Na5 12. Bc2 c5 13. Nf1 c4 14. d4 Nc6 15. Ng3 Bg6 16. d5 Nb8 17. Nh4 Re8 18. Nhf5 Bf8 19. Bg5 h6 20. Be3 Nbd7 21. a4 Rb8 22. axb5 axb5 23. Ra7 Nc5 24. Bxc5 dxc5 25. Qf3 Qb6 26. Rea1 Rb7 27. R7a6 Qd8 28. Nxh6+ Kh7 29. Ng4 Nxg4 30. Qxg4 b4 31. h4 Kg8 32. h5 Bh7 33. h6 Bg6 34. Ba4 gxh6 35. Rxg6+ fxg6 36. Qxg6+ Rg7 37. Qxe8 Qxe8 38. Bxe8 Rb7 39. Bc6 Rb6 40. Nf5 Kf7 41. Ra7+ Kf6 42. Ra8 Be7 43. Rh8 bxc3 44. bxc3 Rb1+ 45. Kh2 Rc1 46. Rxh6+ Kg5 47. Rh3 Re1 48. Nxe7 1-0


[Site "https://www.chess.com"]

[Event "Titled Tuesday Blitz December 27 Early 2022"]
[White "Jimenez, Joaquin"]
[Black "Postnikov, Daniil"]
[WhiteFideId "109860"]
[BlackFideId "4166329"]
[WhiteElo "2195"]
[BlackElo "2360"]
[Result "0-1"]
[Round "04"]
[TimeControl "180+2"]
[Date "2022.12.27"]
[WhiteClock "0:00:12"]
[BlackClock "0:00:27"]

1. e4 e6 2. d3 d5 3. Nd2 Nf6 4. Ngf3 c5 5. g3 g6 6. Bg2 Bg7 7. O-O O-O 8. c3 Nc6 9. e5 Ng4 10. d4 cxd4 11. cxd4 f6 12. exf6 Qxf6 13. Nb3 Kh8 14. Bg5 Qf7 15. h3 Nf6 16. Ne5 Nxe5 17. dxe5 Ne4 18. Bxe4 dxe4 19. Bf4 Qf5 20. Qg4 h6 21. Rfe1 g5 22. Be3 Bxe5 23. Rad1 Bxb2 24. Nd4 Qxg4 25. hxg4 e5 26. Nb5 Bxg4 27. Rb1 a6 28. Rxb2 axb5 29. Rxb5 Rf7 30. Rxe5 Bf3 31. Ra1 Kh7 32. a4 Rd7 33. g4 Rad8 34. Kh2 Rd1 35. Rxd1 Rxd1 36. Re7+ Kg8 37. Rxb7 Rh1+ 38. Kg3 Rg1+ 39. Kh3 Bxg4+ 40. Kh2 Ra1 41. Rb8+ Kf7 42. Rb7+ Kg6 43. Rb4 Bf3 44. Kg3 Kh5 45. Rc4 Rg1+ 46. Kh2 Rg2+ 47. Kh1 Rxf2+ 48. Kg1 Re2 49. Bf2 e3 50. Bxe3 Rxe3 51. Kf2 Ra3 0-1


[Site "https://www.chess.com"]

[Event "Titled Tuesday Blitz December 27 Early 2022"]
[White "Johnson, Ben"]
[Black "Bochnicka, Vladimir"]
[WhiteFideId "2010917"]
[BlackFideId "14943450"]
[WhiteElo "1961"]
[BlackElo "2327"]
[Result "0-1"]
[Round "04"]
[TimeControl "180+2"]
[Date "2022.12.27"]
[WhiteClock "0:00:01"]
[BlackClock "0:00:11"]

1. Nf3 c5 2. c4 Nc6 3. Nc3 g6 4. e3 Nf6 5. d4 cxd4 6. exd4 d5 7. cxd5 Nxd5 8. Bc4 Nb6 9. Bb5 Bg7 10. O-O O-O 11. h3 Nxd4 12. Nxd4 Qxd4 13. Be3 Qxd1 14. Raxd1 Be6 15. a3 Nc4 16. Bxc4 Bxc4 17. Rfe1 Be6 18. Re2 a6 19. Nd5 Bxd5 20. Rxd5 Rfd8 21. Rc5 Rac8 22. b4 Rxc5 23. Bxc5 e6 24. a4 h5 25. g3 Rd1+ 26. Kg2 Ra1 27. Rd2 Rxa4 28. Rd8+ Kh7 29. Rd7 b6 30. Bd6 g5 31. Rxf7 Kg6 32. Rb7 b5 33. Bc5 Be5 0-1


[Site "https://www.chess.com"]

[Event "Titled Tuesday Blitz December 27 Early 2022"]
[White "Jones, Gawain C B"]
[Black "Pinheiro, Iung Alicio de O."]
[WhiteFideId "409561"]
[BlackFideId "2104350"]
[WhiteElo "2618"]
[BlackElo "2306"]
[Result "1-0"]
[Round "04"]
[TimeControl "180+2"]
[Date "2022.12.27"]
[WhiteClock "0:00:51"]
[BlackClock "0:00:01"]

1. Nf3 c5 2. c4 g6 3. d4 cxd4 4. Nxd4 Nc6 5. e4 Nf6 6. Nc3 d6 7. Be2 Nxd4 8. Qxd4 Bg7 9. Be3 O-O 10. Qd2 a5 11. O-O a4 12. Bd3 Be6 13. Rac1 Qa5 14. Nd5 Bxd5 15. Qxa5 Rxa5 16. cxd5 Ng4 17. Bb6 Raa8 18. Be2 Nf6 19. f3 Nd7 20. Be3 Bxb2 21. Rb1 a3 22. Bb5 Ne5 23. Bc1 Bd4+ 24. Kh1 Rfc8 25. f4 Ng4 26. Bd7 Nf2+ 27. Rxf2 Bxf2 28. Bxc8 Rxc8 29. Bxa3 Rc2 30. Rxb7 Rxa2 31. Bb2 f6 32. g3 Kf7 33. e5 fxe5 34. fxe5 dxe5 35. d6 Bc5 36. Rxe7+ Kf6 37. Bxe5+ Kf5 38. Bf4 Kg4 39. h3+ Kxh3 40. Rxh7+ Kg4 41. d7 Ra1+ 42. Kg2 Rd1 43. Bc7 Rd2+ 44. Kf1 Rd1+ 45. Ke2 1-0


[Site "https://www.chess.com"]

[Event "Titled Tuesday Blitz December 27 Early 2022"]
[White "Kabanov, Nikolai"]
[Black "Delorme, Alban"]
[WhiteFideId "4127820"]
[BlackFideId "623636"]
[WhiteElo "2429"]
[BlackElo "2298"]
[Result "1-0"]
[Round "04"]
[TimeControl "180+2"]
[Date "2022.12.27"]
[WhiteClock "0:00:50"]
[BlackClock "0:00:02"]

1. e4 c5 2. Nf3 d6 3. d4 cxd4 4. Nxd4 Nf6 5. Nc3 a6 6. Be2 e5 7. Nb3 Be7 8. O-O Be6 9. Qd3 Nbd7 10. Bd2 Rc8 11. Nd5 Bxd5 12. exd5 Nb6 13. Na5 Nbxd5 14. Nxb7 Qb6 15. Qxa6 Qxa6 16. Bxa6 Rxc2 17. Bb5+ Kf8 18. Rfc1 Rxc1+ 19. Rxc1 Nb6 20. a4 g5 21. a5 Nbd5 22. Rc8+ Kg7 23. Rxh8 Kxh8 24. Bxg5 Nc7 25. Ba4 Nfd5 26. Bd2 Na6 27. Bb5 Ndc7 28. Bxa6 Nxa6 29. b4 Nc7 30. Bc3 Kg8 31. Kf1 Kf8 32. Ke2 Ke8 33. Kd3 Kd7 34. b5 Nxb5 35. a6 Kc6 36. Ba5 d5 37. f3 f5 38. g4 e4+ 39. fxe4 fxe4+ 40. Ke3 Bg5+ 41. Kf2 d4 42. Nd8+ Bxd8 43. Bxd8 Kd5 44. Bb6 Kc4 45. a7 Nxa7 46. Bxa7 Kd3 47. g5 e3+ 48. Ke1 Ke4 49. h4 d3 50. h5 1-0


[Site "https://www.chess.com"]